 Dungeon Sprint DCSS version 0.14-a0-3109-ga7442b6 (webtiles) character file.

813 BluebellGnoll the Unseen (level 6, -1/28 HPs)
             Began as a Spriggan Enchanter on Mar 7, 2014.
             Slain by an elephant slug (29 damage)
             ... in the Dungeon (Sprint I: "Red Sonja").
             The game lasted 00:03:53 (241 turns).

BluebellGnoll the Unseen (Spriggan Enchanter)        Turns: 241, Time: 00:03:53

HP  -1/28        AC  3     Str  4      XL: 6   Next: 57%
MP  24/26        EV 24     Int 18      God:
Gold 405         SH  0     Dex 17      Spells:  5 memorised, 13 levels left

rFire  . . .     SeeInvis +     a - +2,-1 dagger
rCold  . . .     Clarity  .     b - +1 robe
rNeg   . . .     Conserve .     (shield restricted)
rPois  .         rCorr    .     (helmet restricted)
rElec  .         rRot     .     (no cloak)
SustAb . .       Spirit   .     (gloves unavailable)
rMut   .         Warding  .     (boots unavailable)
Saprov . . .     NoTele   +     (no amulet)
MR     +....                    (no ring)
                                (no ring)

@: bonded with blade, very quick, somewhat resistant to hostile enchantments,
extraordinarily stealthy
A: unfitting armour, see invisible, herbivore 3, speed 3, slow metabolism 2
a: no special abilities


You were in the Dungeon.
You were not hungry.

You visited 1 branch You collected 405 gold pieces.

Inventory:

Hand weapons
 a - a +2,-1 dagger (weapon)
 j - a +0 blowgun
 l - a +0,+0 dagger of distortion
Missiles
 d - 12 darts (quivered)
 m - 4 curare-tipped needles
Armour
 b - a +1 robe (worn)
Scrolls
 k - a scroll of blinking
Potions
 e - a potion of porridge
 f - 2 potions of curing
 g - a potion of heal wounds
 h - a potion of speed
 i - 2 potions of magic
Books
 c - a book of Maledictions

   Spells                             Type                      Level
   *Corona                            Hexes                        1
   *Sure Blade                        Hexes/Charms                 2
   *Ensorcelled Hibernation           Hexes/Ice                    2
   *Confuse                           Hexes                        3
   *Enslavement                       Hexes                        4
   Invisibility                       Hexes                        6


   Skills:
 - Level 1.1 Short Blades
 - Level 1.1 Throwing
 - Level 8.5 Dodging
 - Level 15.1 Stealth
 - Level 10.1 Spellcasting
 + Level 3.6 Hexes


You had 13 spell levels left.
You knew the following spells:

 Your Spells              Type           Power        Failure   Level  Hunger
a - Corona                Hex            ###....      1%          1    None
b - Ensorcelled Hibernat  Hex/Ice        ###...       8%          2    None
c - Confuse               Hex            ###.....     6%          3    None
d - Sure Blade            Hex/Chrm       ###.......   8%          2    None
e - Enslavement           Hex            ###.....     21%         4    ###....


Dungeon Overview and Level Annotations

Branches:
Dungeon (1/1)

Altars:
Makhleb
Okawaru
Sif Muna
Zin
The Shining One

Shops:
D (


Innate Abilities, Weirdness & Mutations

You are tiny and cannot use many weapons and most armour.
You have supernaturally acute eyesight.
You are a herbivore.
You cover ground extremely quickly.
You need consume almost no food.


Message History

The air around you crackles with energy!
You start resting.
Magic restored.
You start waiting.
Your magical contamination has completely faded away.
Casting: Sure Blade
Confirm with . or Enter, or press ? or * to list all spells.
You become one with your weapon.
You open the door.
An elephant slug comes into view.
Found Kymese's Weapon Emporium.
Found four altars.
There is an open door here.
The helpless elephant slug fails to defend itself.
You cut the elephant slug into ribbons!!!
The elephant slug is heavily wounded.
You hit the elephant slug but do no damage.
The elephant slug is heavily wounded.
The elephant slug bites you!
Ouch! That really hurt!
You die...

################
#<.#..'[.#.)'..#
#..'..#.)'..#..+
#..#####'#####'#
#..# #..#...#.#
#..#_.####..##)#
#..#.....##'#..+
#⌠⌠#_.∩..j@..._#
####.....##_.#'#
#_._. ##'#.#
#### ##.###
+...+ #...#
##.## #+#


You could see an elephant slug.

Vanquished Creatures
  Sonja (D)
  An ogre (D)
  Sigmund (D)
  A jelly (D)
  Ijyb (D)
5 creatures vanquished.

Notes
Turn   | Place    | Note
--------------------------------------------------------------
     0 | D        | BluebellGnoll, the Spriggan Enchanter, began the quest for the Orb.
     0 | D        | Reached XP level 1. HP: 9/9 MP: 4/4
     1 | D        | Noticed Ijyb
     5 | D        | Noticed an ogre
    12 | D        | Killed an ogre
    12 | D        | Reached skill level 9 in Stealth
    12 | D        | Reached XP level 2. HP: 13/13 MP: 4/14
    12 | D        | Reached XP level 3. HP: 16/16 MP: 4/17
    12 | D        | Reached XP level 4. HP: 21/21 MP: 4/20
    24 | D        | Killed Ijyb
    41 | D        | Learned a level 2 spell: Ensorcelled Hibernation
    45 | D        | Learned a level 3 spell: Confuse
    48 | D        | Learned a level 2 spell: Sure Blade
    53 | D        | Learned a level 4 spell: Enslavement
   112 | D        | Noticed Sigmund
   116 | D        | Killed Sigmund
   116 | D        | Reached skill level 11 in Stealth
   116 | D        | Reached XP level 5. HP: 24/24 MP: 20/24
   129 | D        | Found a glowing silver altar of Zin.
   130 | D        | Noticed a jelly
   131 | D        | Found an iron altar of Okawaru.
   147 | D        | Killed a jelly
   147 | D        | Reached skill level 12 in Stealth
   147 | D        | Reached skill level 10 in Spellcasting
   191 | D        | Noticed Sonja
   195 | D        | Killed Sonja
   195 | D        | Reached skill level 15 in Stealth
   195 | D        | Reached XP level 6. HP: 28/28 MP: 23/26
   238 | D        | Found Kymese's Weapon Emporium.
   238 | D        | Found a burning altar of Makhleb.
   238 | D        | Found a glowing silver altar of Zin.
   238 | D        | Found a deep blue altar of Sif Muna.
   238 | D        | Found a glowing golden altar of the Shining One.
   238 | D        | Noticed an elephant slug
   241 | D        | Slain by an elephant slug

Action                   |  1- 3 |  4- 6 || total
-------------------------+-------+-------++-------
Melee: Dagger            |     4 |    27 ||    31
 Cast: Sure Blade        |       |     4 ||     4
       Confuse           |       |     2 ||     2
  Use: Potion            |     1 |       ||     1
       Scroll            |       |     2 ||     2
 Stab: Sleeping          |       |     3 ||     3
       Confused          |       |     1 ||     1
